 Dungeon Crawl Stone Soup version 0.19.0-11-g3fc08b3 (webtiles) character file.

64 shinino the Slasher (level 3, 0/28 HPs)
             Began as a Vampire Abyssal Knight on Nov 9, 2016.
             Was a Follower of Lugonu.
             Slain by an ice beast (4 damage)
             ... on level 3 of the Dungeon.
             The game lasted 00:04:23 (2080 turns).

shinino the Slasher (Vampire Abyssal Knight)        Turns: 2080, Time: 00:04:24

Health: 0/28       AC:  8    Str: 12    XL:     3   Next: 91%
Magic:  4/4        EV:  6    Int: 14    God:    Lugonu [*.....]
Gold:   111        SH:  0    Dex: 13    Spells: 0 memorised, 2 levels left

rFire  . . .     SeeInvis +     a - +1 falchion
rCold  + . .     Gourm    .     d - +0 chain mail
rNeg   + + .     Faith    .     (no shield)
rPois  +         Spirit   .     (no helmet)
rElec  .         Reflect  .     (no cloak)
rCorr  .         Harm     .     (no gloves)
MR     .....                    (no boots)
Stlth  ..........               (no amulet)
                                (no ring)
                                (no ring)

@: regenerating slowly
A: fangs 3, see invisible, unbreathing
a: Bat Form, Depart the Abyss, Renounce Religion


You were on level 3 of the Dungeon.
You worshipped Lugonu.
Lugonu was aware of your devotion.
You were very thirsty.

You visited 1 branch of the dungeon, and saw 3 of its levels.
You visited the Abyss 1 time.

You collected 111 gold pieces.

Inventory:

Hand Weapons
 a - a +1 falchion (weapon)
Armour
 d - a +0 chain mail (worn)
Scrolls
 b - a scroll of remove curse {unknown}
 e - a scroll of recharging {unknown}
 f - a scroll of magic mapping {unknown}
 h - 3 scrolls of enchant weapon {unknown}
 i - 2 scrolls of blinking {unknown}
 j - a scroll of identify {unknown}
 k - a scroll of immolation {unknown}
 l - a scroll of fear {unknown}
 m - a scroll of amnesia {unknown}
Potions
 c - 18 potions of blood
 g - 2 potions of might {unknown}


   Skills:
 - Level 2.6 Fighting
 * Level 3.7 Long Blades
 - Level 0.7 Armour
 - Level 2.1 Dodging
 + Level 2.4 Invocations


You had 2 spell levels left.
You didn't know any spells.

Dungeon Overview and Level Annotations

Branches:
Dungeon (3/15)

Altars:
Uskayaw


Innate Abilities, Weirdness & Mutations

You heal slowly.
You have razor-sharp teeth.
You have supernaturally acute eyesight. (SInv)
You can survive without breathing.


Message History

The ice beast is severely wounded.
The ice beast hits you but does no damage.
The ice beast hits you.
* * * LOW HITPOINT WARNING * * *
The ice beast freezes you. You resist.
* * * LOW HITPOINT WARNING * * *
You are too injured to fight recklessly!
You are too injured to fight recklessly!
You are too injured to fight recklessly!
You are too injured to fight recklessly!
Your chain mail prevents you from hitting the ice beast.
Your bite misses the ice beast.
The ice beast is severely wounded.
The ice beast hits you but does no damage.
You hit the ice beast.
The ice beast is almost dead.
The ice beast hits you.
* * * LOW HITPOINT WARNING * * *
The ice beast freezes you. You resist.
You die...

#. ..# # #.#..#.#
#.#..#.##.
#.#...... #.
#.#....#
#..##%#... #
#......Y#
.$#...#.@.#
..........#
####.###..#
#....).#####.#
######.#.<......#
..............###
######............
###.####.#### #.#
.#


You could see an ice beast.

Vanquished Creatures
  An adder (D:2)
  2 dart slugs (D:2)
  A leopard gecko (D:2)
  An orc (D:2)
  4 giant cockroaches
  2 goblins (D:1)
  5 hobgoblins
  7 jackals
  4 kobolds
  2 quokkas (D:2)
  2 ball pythons
  4 bats
  3 frilled lizards (D:2)
  5 rats
43 creatures vanquished.

Notes
Turn   | Place    | Note
-------+----------+-------------------------------------------
     0 | Abyss:1  | shinino the Vampire Abyssal Knight began the quest for the Orb.
     0 | Abyss:1  | Reached XP level 1. HP: 17/17 MP: 2/2
    96 | Abyss:1  | Noticed a small abomination
   105 | Abyss:1  | Noticed a large abomination
   105 | D:1      | Escaped the Abyss
   202 | D:1      | Reached XP level 2. HP: 23/23 MP: 3/3
   273 | D:1      | Reached * piety under Lugonu
   600 | D:1      | Reached skill level 3 in Long Blades
  1023 | D:2      | Reached XP level 3. HP: 20/28 MP: 4/4
  1455 | D:2      | Found a hide-covered altar of Uskayaw.
  2061 | D:3      | Noticed an ice beast
  2080 | D:3      | Slain by an ice beast

Skill      XL: |  1  2 |
---------------+-------+-----
Invocations    | 2 |  2.4
Long Blades    | 3 |  3.7
Fighting       | |  2.6
Armour         | |  0.7
Dodging        | |  2.1

Action                   || total
-------------------------++-------
Melee: Falchion          ||   165
       Bite              ||    13
Invok: Depart the Abyss  ||     1
  Use: Potion            ||     1
Armor: Chain mail        ||   144
Dodge: Dodged            ||    61
       Rpst.: Falchion   ||    26
